[Event "Titled Tuesday Blitz September 20 Late 2022"]
[White "Svane, Rasmus"]
[Black "Shimanov, Aleksandr"]
[WhiteFideId "4657101"]
[BlackFideId "4198603"]
[WhiteElo "2674"]
[BlackElo "2605"]
[Result "1/2-1/2"]
[Round "04"]
[TimeControl "180+1"]
[Date "2022.09.20"]
[WhiteClock "0:00:05"]
[BlackClock "0:00:03"]

1. Nf3 d5 2. g3 Nd7 3. d4 Ngf6 4. Bg2 e6 5. O-O c6 6. c4 dxc4 7. a4 a5 8. Na3 Bxa3 9. Rxa3 O-O 10. Qc2 b5 11. Bg5 Qb6 12. b3 c3 13. axb5 cxb5 14. b4 a4 15. Bxf6 Nxf6 16. Qxc3 Bb7 17. Qc5 Qa6 18. Ne5 Rac8 19. Qe7 Bxg2 20. Kxg2 Nd5 21. Qh4 Qb7 22. e4 Nxb4 23. Rb1 Nc6 24. Rxa4 Nxe5 25. dxe5 Rc5 26. Qf4 Qc7 27. Rab4 Rb8 28. h4 h6 29. Qe3 Rxe5 30. f4 Rc5 31. Kh3 Qc6 32. Qd3 Rc3 33. Qd4 Ra8 34. Rxb5 Raa3 35. Rb8+ Kh7 36. Rg1 Rd3 37. Qb4 h5 38. Rb6 Qc2 39. Rb5 Ra2 40. Rxh5+ Kg6 41. Rg5+ Kh6 42. Kg4 Qe2+ 43. Kh3 Qh2+ 44. Kg4 Qxg1 45. Rh5+ Kg6 46. Rg5+ Kh7 47. Rh5+ Kg6 48. Rg5+ Kh6 49. Rh5+ Kg6 1/2-1/2


[Site "https://www.chess.com"]

[Event "Titled Tuesday Blitz September 20 Late 2022"]
[White "Tari, Aryan"]
[Black "Korchmar, Vasiliy"]
[WhiteFideId "1510045"]
[BlackFideId "24131750"]
[WhiteElo "2612"]
[BlackElo "2370"]
[Result "0-1"]
[Round "04"]
[TimeControl "180+1"]
[Date "2022.09.20"]
[WhiteClock "0:00:02"]
[BlackClock "0:00:21"]

1. e4 c5 2. Nc3 d6 3. f4 Nc6 4. Nf3 Nf6 5. Bb5 Bd7 6. O-O e6 7. e5 Ng4 8. Ng5 Nh6 9. Bxc6 Bxc6 10. Qe1 dxe5 11. Qxe5 Nf5 12. d3 Be7 13. Qe2 O-O 14. Nge4 b5 15. Kh1 b4 16. Nd1 Rc8 17. Ne3 Nd4 18. Qd1 Re8 19. Nc4 Bd5 20. Ne5 Bf8 21. Be3 Nf5 22. Bg1 Qh4 23. Qe1 Qh5 24. Nf3 c4 25. Rd1 cxd3 26. cxd3 Rc2 27. Rf2 Rec8 28. Rdd2 Bxe4 29. Rxc2 Ng3# 0-1


[Site "https://www.chess.com"]

[Event "Titled Tuesday Blitz September 20 Late 2022"]
[White "Tiglon, Bryce"]
[Black "Danielyan, Vahe"]
[WhiteFideId "2087456"]
[BlackFideId "13304828"]
[WhiteElo "2778"]
[BlackElo "2421"]
[Result "0-1"]
[Round "04"]
[TimeControl "180+1"]
[Date "2022.09.20"]
[WhiteClock "0:00:33"]
[BlackClock "0:00:38"]

1. b3 a5 2. Bb2 a4 3. Nf3 Nf6 4. c4 e6 5. bxa4 c5 6. Nc3 Nc6 7. e3 Be7 8. Be2 O-O 9. O-O d5 10. cxd5 Nxd5 11. Rc1 b6 12. d4 Bb7 13. Nxd5 Qxd5 14. dxc5 Qxa2 15. Qc2 bxc5 16. Bb5 Nb4 17. Qb1 Qxb1 18. Rxb1 Be4 19. Rbd1 Bf6 20. Bxf6 gxf6 21. Rc1 Rfc8 22. Nd2 Bd3 23. Bxd3 Nxd3 24. Rc3 Nb2 25. Ne4 Nxa4 26. Rc4 f5 27. Ng5 Nb6 28. Rc2 c4 29. Nf3 c3 30. Nd4 Nd5 31. Ne2 Ra3 32. Rfc1 Rb8 33. g3 Rb2 34. Nd4 Raa2 35. f4 Nxe3 36. Rxb2 cxb2 37. Rc8+ Kg7 38. Rb8 Ra1+ 39. Kf2 b1=Q 40. Rxb1 Ng4+ 0-1


[Site "https://www.chess.com"]

[Event "Titled Tuesday Blitz September 20 Late 2022"]
[White "Timmermans, Mark"]
[Black "Terry, Renato"]
[WhiteFideId "1026399"]
[BlackFideId "3803457"]
[WhiteElo "2460"]
[BlackElo "2577"]
[Result "0-1"]
[Round "04"]
[TimeControl "180+1"]
[Date "2022.09.20"]
[WhiteClock "0:00:05"]
[BlackClock "0:00:08"]

1. e4 e6 2. d4 d5 3. Nd2 Be7 4. Bd3 c5 5. dxc5 Nf6 6. Ngf3 dxe4 7. Nxe4 Nxe4 8. Bxe4 Qxd1+ 9. Kxd1 Bxc5 10. Ke1 Nd7 11. c3 Nf6 12. Bc2 b6 13. Bg5 Bb7 14. Rd1 Ne4 15. Ba4+ Kf8 16. Be3 Bxe3 17. fxe3 Nc5 18. Bc2 Ke7 19. Rd4 f6 20. Kf2 e5 21. Rg4 g5 22. Rd1 Rad8 23. Rxd8 Rxd8 24. Bxh7 Rd1 25. Bf5 e4 26. Nd4 Rd2+ 27. Kg3 Rxb2 28. h4 gxh4+ 29. Rxh4 Rxa2 30. Rh7+ Kd6 31. Rf7 Bd5 32. Rxf6+ Ke5 33. Rg6 Ra3 34. Rg5 Kf6 35. Rg6+ Kf7 36. Rd6 Bc4 37. Bg6+ Kf8 38. Nf5 Ne6 39. Rd7 Rxc3 40. Rf7+ Ke8 41. Nd6+ Kd8 42. Rxa7 Rxe3+ 43. Kh4 Bd5 44. Be8 Nc7 45. Bf7 Rd3 46. Bxd5 Rxd5 47. Nxe4 Rd4 48. Rb7 Rxe4+ 49. g4 Rb4 50. Kh5 Kc8 51. Ra7 Kb8 52. Ra1 Ne6 53. g5 Rb5 54. Rg1 Kb7 55. Kh6 Nxg5 56. Rxg5 Rxg5 57. Kxg5 Kc6 58. Kf4 Kc5 59. Ke3 Kc4 60. Kd2 Kb3 61. Kc1 b5 62. Kb1 b4 0-1


[Site "https://www.chess.com"]

[Event "Titled Tuesday Blitz September 20 Late 2022"]
[White "Winterberg, Lukas"]
[Black "Khlebovich, Alexander"]
[WhiteFideId "24622702"]
[BlackFideId "4169123"]
[WhiteElo "2349"]
[BlackElo "2355"]
[Result "0-1"]
[Round "04"]
[TimeControl "180+1"]
[Date "2022.09.20"]
[WhiteClock "0:00:13"]
[BlackClock "0:00:22"]

1. d4 Nf6 2. Nf3 g6 3. c4 Bg7 4. Nc3 d5 5. cxd5 Nxd5 6. e4 Nxc3 7. bxc3 c5 8. Bb5+ Nc6 9. Rb1 O-O 10. d5 Ne5 11. Be2 a6 12. O-O b5 13. Nxe5 Bxe5 14. Be3 c4 15. Bd4 Qc7 16. g3 e6 17. f4 Bxd4+ 18. Qxd4 exd5 19. exd5 Bf5 20. Rbd1 Qd6 21. g4 Bd7 22. Bf3 Rae8 23. Rfe1 f6 24. Kg2 Rxe1 25. Rxe1 Re8 26. Rxe8+ Bxe8 27. g5 fxg5 28. fxg5 Bd7 29. h4 Bf5 30. Qa7 Qf4 31. Qa8+ Kf7 32. Qb7+ Ke8 33. Qa8+ Kd7 34. Qc6+ Ke7 35. Qf6+ Kd7 36. Qg7+ Kd6 37. Qf8+ Kc7 38. Qe7+ Bd7 39. Qc5+ Kd8 40. d6 Qd2+ 41. Kg3 Qxc3 42. Qc7+ Ke8 43. Qb8+ Kf7 44. Kg2 Qd2+ 45. Kg3 Qd3 46. Qc7 Ke6 47. Kf4 Qxd6+ 48. Qxd6+ Kxd6 49. Ke4 Bc6+ 0-1


[Site "https://www.chess.com"]

[Event "Titled Tuesday Blitz September 20 Late 2022"]
[White "Xiong, Jeffery"]
[Black "Panarin, Mikhail"]
[WhiteFideId "2047640"]
[BlackFideId "4153251"]
[WhiteElo "2714"]
[BlackElo "2495"]
[Result "1-0"]
[Round "04"]
[TimeControl "180+1"]
[Date "2022.09.20"]
[WhiteClock "0:01:23"]
[BlackClock "0:00:03"]

1. e4 c5 2. Nf3 e6 3. c3 d5 4. exd5 Qxd5 5. Na3 Nc6 6. d4 Nf6 7. Bg5 Bd7 8. Nb5 Rc8 9. dxc5 Bxc5 10. Bxf6 Qxd1+ 11. Rxd1 gxf6 12. Nd6+ Bxd6 13. Rxd6 Ke7 14. Rd2 Rhg8 15. g3 Na5 16. Be2 Nc4 17. Bxc4 Rxc4 18. O-O e5 19. Rfd1 Bg4 20. Rd3 Rc7 21. Re1 Be6 22. Nd2 b5 23. f4 exf4 24. Kf2 fxg3+ 25. hxg3 Rc5 26. Nb3 Rf5+ 27. Rf3 Re5 28. Nd4 Rxe1 29. Kxe1 a6 30. b3 h5 31. Kf2 Bd7 32. Re3+ Kd6 33. Re4 Rg5 34. Rf4 Ke7 35. c4 bxc4 36. bxc4 Ra5 37. Re4+ Kd6 38. Re2 Ra4 39. Rc2 1-0


[Site "https://www.chess.com"]

[Event "Titled Tuesday Blitz September 20 Late 2022"]
[White "Zhigalko, Sergei"]
[Black "Vasquez Schroeder, Rodrigo"]
[WhiteFideId "13502956"]
[BlackFideId "3400042"]
[WhiteElo "2662"]
[BlackElo "2577"]
[Result "0-1"]
[Round "04"]
[TimeControl "180+1"]
[Date "2022.09.20"]
[WhiteClock "0:00:04"]
[BlackClock "0:00:38"]

1. e4 c6 2. d4 d5 3. e5 Bf5 4. Nf3 e6 5. Be2 Ne7 6. O-O Ng6 7. Ne1 h5 8. Bd3 Nh4 9. Nd2 Bxd3 10. Nxd3 Nf5 11. Nf3 Qb6 12. c3 c5 13. dxc5 Bxc5 14. Bg5 Nc6 15. Qd2 Be7 16. Rfe1 Qc7 17. Rad1 Rd8 18. h3 h4 19. Qf4 Bxg5 20. Nxg5 a6 21. Qg4 Qe7 22. Nf4 g6 23. c4 d4 24. a3 a5 25. Nd3 Kf8 26. Ne4 Kg7 27. Rb1 Qc7 28. Qf4 a4 29. Nec5 Ra8 30. Qg5 Qd8 31. Qxd8 Nxd8 32. Nxb7 Nxb7 33. c5 Rhc8 34. Rec1 Na5 35. Rc2 Rc7 36. Kh2 Rb8 37. Re1 Rb5 38. Re4 Nb3 39. c6 Na5 40. Nb4 Kf8 41. Re1 Ke7 42. Rec1 Kd8 43. f4 Kc8 44. Rd2 Nb3 45. Rcd1 Nxd2 46. Rxd2 Rxb4 47. axb4 Rxc6 48. g4 hxg3+ 0-1


[Site "https://www.chess.com"]

[Event "Titled Tuesday Blitz September 20 Late 2022"]
[White "Zierk, Steven"]
[Black "Goroshkov, Maksym"]
[WhiteFideId "2034255"]
[BlackFideId "14142716"]
[WhiteElo "2494"]
[BlackElo "2257"]
[Result "1/2-1/2"]
[Round "04"]
[TimeControl "180+1"]
[Date "2022.09.20"]
[WhiteClock "0:00:03"]
[BlackClock "0:00:06"]

1. e4 e5 2. Nf3 d6 3. d4 Bg4 4. dxe5 Nd7 5. exd6 Bxd6 6. h3 Bh5 7. Be2 Ngf6 8. e5 Bxf3 9. exf6 Bxg2 10. Rg1 Bc6 11. fxg7 Rg8 12. Bg5 Be7 13. Bxe7 Qxe7 14. Qd4 O-O-O 15. Qxa7 Nb6 16. Nc3 Qe5 17. Rd1 Rxd1+ 18. Kxd1 Qd4+ 19. Kc1 Qxf2 20. Rf1 Qe3+ 21. Kb1 Rxg7 22. Bg4+ Bd7 23. Nd5 Qd4 24. Nxb6+ cxb6 25. Bxd7+ Qxd7 26. Qxb6 Rg6 27. Qf2 Rd6 28. b3 Rd1+ 29. Rxd1 Qxd1+ 30. Kb2 Qd7 31. h4 Qe7 32. c4 Qe5+ 33. Kc2 Qe4+ 34. Kc3 Qe5+ 35. Qd4 Qe1+ 36. Kb2 Qe2+ 37. Ka3 Qe7+ 38. c5 Qe1 39. b4 Qc1+ 40. Kb3 Qb1+ 41. Qb2 Qd3+ 42. Qc3 Qb1+ 43. Ka3 Qg6 44. Qf3 Qa6+ 45. Kb2 Qc4 46. a3 Qd4+ 47. Kb3 Kb8 48. h5 Ka7 49. Qxf7 Qd3+ 50. Kb2 Qd2+ 51. Kb3 Qd3+ 52. Ka4 Qa6+ 53. Kb3 Qd3+ 1/2-1/2


[Site "https://www.chess.com"]

[Event "Titled Tuesday Blitz September 20 Late 2022"]
[White "Adewumi, Tanitoluwa"]
[Black "Papasimakopoulos, Alexandros"]
[WhiteFideId "30966396"]
[BlackFideId "4244125"]
[WhiteElo "2563"]
[BlackElo "2357"]
[Result "1-0"]
[Round "05"]
[TimeControl "180+1"]
[Date "2022.09.20"]
[WhiteClock "0:00:06"]
[BlackClock "0:01:02"]

1. e4 e6 2. d4 d5 3. Nc3 Bb4 4. Ne2 Nc6 5. a3 Ba5 6. b4 Bb6 7. b5 Na5 8. exd5 exd5 9. Nf4 Ne7 10. Be3 O-O 11. Bd3 c6 12. O-O Bf5 13. Be2 Re8 14. Na4 Bc7 15. Nc5 Qd6 16. g3 b6 17. Na6 Nc4 18. Bxc4 dxc4 19. Nxc7 Qxc7 20. bxc6 Qxc6 21. d5 Qd6 22. Qd4 Bxc2 23. Qxc4 Rac8 24. Qa6 g5 25. Nh5 Qg6 26. g4 Nxd5 27. Bd4 Bd3 28. Qb7 Rc4 29. Qxd5 Bxf1 30. Nf6+ Kf8 31. Qd6+ Kg7 32. Nxe8+ Kh6 33. Qf8+ Qg7 34. Qxg7# 1-0


[Site "https://www.chess.com"]

[Event "Titled Tuesday Blitz September 20 Late 2022"]
[White "Aldokhin, Ivan"]
[Black "Vykouk, Jan"]
[WhiteFideId "24115720"]
[BlackFideId "349658"]
[WhiteElo "2243"]
[BlackElo "2352"]
[Result "1/2-1/2"]
[Round "05"]
[TimeControl "180+1"]
[Date "2022.09.20"]
[WhiteClock "0:00:04"]
[BlackClock "0:00:05"]

1. e4 c5 2. Nf3 d6 3. d4 cxd4 4. Nxd4 Nf6 5. Nc3 a6 6. Bc4 e6 7. Bb3 Nbd7 8. O-O Nc5 9. f4 Qc7 10. f5 Nxb3 11. axb3 Be7 12. Kh1 O-O 13. Qf3 Bd7 14. Qh3 Qc8 15. Qg3 Kh8 16. Bg5 Qc5 17. Rad1 h6 18. Be3 Qc8 19. fxe6 fxe6 20. e5 dxe5 21. Nf3 Nh5 22. Qg4 Nf6 23. Qh3 Nh7 24. Nxe5 Rxf1+ 25. Rxf1 Be8 26. Bxh6 gxh6 27. Qxh6 Qc5 28. Qxe6 Bh5 29. Ne4 Qb5 30. c4 Qe8 31. Nd6 Bxd6 32. Qxd6 Rd8 33. Qc5 Qe6 34. h3 Re8 35. Nf3 Bxf3 36. Rxf3 Nf6 37. Qd4 Kg7 38. Kh2 Qe5+ 39. Qxe5 Rxe5 40. Rf4 Re3 41. g4 Rxb3 42. g5 Rxb2+ 43. Kg1 Nh5 44. Rd4 Kg6 45. h4 a5 46. Kf1 a4 47. Rd6+ Kf5 48. Rd5+ Kf4 49. Ra5 Kf3 50. Ke1 Rb4 51. g6 Ng7 52. h5 Ke3 53. Kd1 Kd3 54. Kc1 Kc3 55. Kd1 Nxh5 56. Rxh5 Rxc4 57. Rh3+ Kb4 58. Rg3 Rc8 59. g7 Rg8 60. Kc2 b5 61. Kb2 Ka5 62. Rg5 Kb6 63. Kc3 Kc6 64. Kb4 Kd6 65. Kxb5 Ke6 66. Kxa4 Kf6 67. Rg2 Rxg7 68. Rxg7 Kxg7 1/2-1/2


[Site "https://www.chess.com"]

[Event "Titled Tuesday Blitz September 20 Late 2022"]
[White "Andreikin, Dmitry"]
[Black "Lin, Dachey"]
[WhiteFideId "4158814"]
[BlackFideId "2029650"]
[WhiteElo "2736"]
[BlackElo "2313"]
[Result "0-1"]
[Round "05"]
[TimeControl "180+1"]
[Date "2022.09.20"]
[WhiteClock "0:01:03"]
[BlackClock "0:00:13"]

1. c4 g6 2. d4 Bg7 3. e4 c5 4. Nf3 cxd4 5. Nxd4 Nc6 6. Be3 Nf6 7. Nc3 O-O 8. Be2 d6 9. O-O Nxd4 10. Bxd4 Be6 11. Kh1 Qa5 12. a3 Rfc8 13. b4 Qd8 14. Qb3 Qc7 15. Nd5 Nxd5 16. Bxg7 Nf4 17. Qb2 Nxe2 18. Bh6 f6 19. c5 Bc4 20. Rfe1 dxc5 21. Rxe2 Bxe2 22. Qxe2 cxb4 23. axb4 Qc4 24. Qg4 Rc6 25. h3 Qxb4 26. Rd1 Rd6 27. Rc1 Rad8 28. Kh2 Qd4 29. f3 a5 30. Rc7 Qe5+ 31. Bf4 Qe6 32. Bxd6 Qxd6+ 33. Qg3 Qxg3+ 34. Kxg3 Rb8 35. Rxe7 a4 36. e5 fxe5 37. Rxe5 Ra8 38. Kf4 a3 39. Re1 b5 40. Ra1 b4 0-1


[Site "https://www.chess.com"]

[Event "Titled Tuesday Blitz September 20 Late 2022"]
[White "Bayo Milagro, Alvaro"]
[Black "Pakleza, Zbigniew"]
[WhiteFideId "22275240"]
[BlackFideId "1119290"]
[WhiteElo "2270"]
[BlackElo "2411"]
[Result "0-1"]
[Round "05"]
[TimeControl "180+1"]
[Date "2022.09.20"]
[WhiteClock "0:01:58"]
[BlackClock "0:01:16"]

1. e4 d6 2. d4 Nf6 3. Nc3 c6 4. f4 Qb6 5. Nf3 Bg4 6. Be2 Bxf3 7. Bxf3 e5 8. dxe5 dxe5 9. f5 Nbd7 10. Qe2 O-O-O 11. Rb1 h6 12. Be3 Bc5 13. Nd1 Bxe3 14. Nxe3 Nxe4 15. b4 Nc3 16. Nc4 Qd4 0-1


[Site "https://www.chess.com"]

[Event "Titled Tuesday Blitz September 20 Late 2022"]
[White "Bazeev, German"]
[Black "Aggelis, Nikolaos"]
[WhiteFideId "24119350"]
[BlackFideId "4213220"]
[WhiteElo "2493"]
[BlackElo "2154"]
[Result "1/2-1/2"]
[Round "05"]
[TimeControl "180+1"]
[Date "2022.09.20"]
[WhiteClock "0:00:23"]
[BlackClock "0:00:57"]

1. d4 Nf6 2. Nf3 g6 3. c4 Bg7 4. Nc3 d5 5. cxd5 Nxd5 6. Qa4+ Nc6 7. e4 Nxc3 8. bxc3 O-O 9. h3 e5 10. d5 Ne7 11. Bc4 c6 12. dxc6 Nxc6 13. Ba3 Re8 14. O-O Be6 15. Rfd1 Qa5 16. Qxa5 Nxa5 17. Bxe6 Rxe6 18. Rd7 b6 19. Rad1 Bf6 20. Bc1 Rc6 21. R1d3 Kg7 22. Bg5 Nc4 23. g4 h6 24. Bxf6+ Kxf6 25. h4 g5 26. hxg5+ hxg5 27. Kg2 a5 28. Rd1 Rh8 29. Rb7 Nd6 30. Rd7 Nc4 31. Rb7 Nd6 32. Rd7 Nc4 1/2-1/2


[Site "https://www.chess.com"]

[Event "Titled Tuesday Blitz September 20 Late 2022"]
[White "Bjelobrk, Igor"]
[Black "Tari, Aryan"]
[WhiteFideId "4300726"]
[BlackFideId "1510045"]
[WhiteElo "2335"]
[BlackElo "2612"]
[Result "0-1"]
[Round "05"]
[TimeControl "180+1"]
[Date "2022.09.20"]
[WhiteClock "0:00:37"]
[BlackClock "0:01:02"]

1. Nf3 Nf6 2. g3 c5 3. Bg2 Nc6 4. d4 cxd4 5. Nxd4 e5 6. Nb3 d5 7. O-O Be6 8. Bg5 Be7 9. Bxf6 Bxf6 10. Nc5 e4 11. c3 Qb6 12. Nxe6 fxe6 13. Qb3 O-O 14. Nd2 Bg5 15. Qxb6 axb6 16. e3 Ne5 17. Nb3 Nd3 18. Bh3 Rf6 19. Nd4 e5 20. Ne6 Bh6 21. Nc7 Rd8 22. Be6+ Kh8 23. Bxd5 Nxf2 24. Rxf2 Bxe3 25. Rf1 Rxf2 26. Rxf2 Rf8 0-1


[Site "https://www.chess.com"]

[Event "Titled Tuesday Blitz September 20 Late 2022"]
[White "Bluebaum, Matthias"]
[Black "Riehle, Marco"]
[WhiteFideId "24651516"]
[BlackFideId "12904392"]
[WhiteElo "2633"]
[BlackElo "2462"]
[Result "0-1"]
[Round "05"]
[TimeControl "180+1"]
[Date "2022.09.20"]
[WhiteClock "0:00:08"]
[BlackClock "0:00:18"]

1. d4 d5 2. c4 e6 3. Nc3 c5 4. cxd5 cxd4 5. Qa4+ Bd7 6. Qxd4 exd5 7. Qxd5 Nf6 8. Qd1 Nc6 9. Nf3 Bc5 10. e3 Qe7 11. Be2 O-O-O 12. O-O g5 13. b4 g4 14. bxc5 gxf3 15. Bxf3 Ne5 16. Qe2 Rhg8 17. Bb2 Nxf3+ 18. Qxf3 Bc6 19. Qf5+ Kb8 20. Qf4+ Ka8 21. f3 Nh5 22. Qh6 Qh4 23. Rf2 Rg6 24. Qxh7 Bxf3 25. Rxf3 Rxg2+ 26. Kxg2 Nf4+ 27. Rxf4 Rd2+ 28. Kf3 Qxh7 29. Rd1 Qh5+ 30. Ke4 Qg6+ 31. Rf5 Qg4+ 32. Rf4 Qg2+ 33. Ke5 Qg7+ 34. Ke4 Qg6+ 35. Rf5 Rxd1 36. Nxd1 Qg4+ 37. Rf4 Qxd1 38. Bd4 Qc2+ 39. Ke5 Qxh2 40. a4 Qa2 41. Kf6 Qxa4 42. Kxf7 Qd7+ 43. Kg6 Qe8+ 44. Kg7 Qe7+ 45. Kg6 a5 46. Rf7 Qe6+ 47. Rf6 Qg4+ 48. Kh6 Qh4+ 49. Kg7 a4 50. Rf8+ Ka7 51. c6+ Ka6 52. Ra8+ Kb5 53. cxb7 Qg3+ 54. Kh8 Qh2+ 55. Kg8 Qg2+ 56. Kf8 Qxb7 57. Ra7 Qf3+ 58. Ke7 Qe4+ 59. Kd6 Qg6+ 60. Ke5 Qg5+ 61. Ke4 Qg6+ 62. Kf3 Qf5+ 63. Ke2 Qc2+ 64. Kf3 Qc6+ 65. Ke2 Kc4 66. Ra5 Kb3 67. Rc5 Qa6+ 68. Kf3 Qb7+ 69. e4 a3 70. Rc3+ Ka4 71. Bc5 Qf7+ 72. Ke3 a2 73. Ra3+ Kb5 74. Bd4 Qg8 75. Be5 Kb4 76. Bd6+ Kb5 77. Be5 Qe6 78. Bd4 Qh3+ 79. Kf4 Qxa3 80. Ba1 Qc1+ 81. Kf5 Qxa1 82. e5 Qf1+ 83. Kg6 a1=Q 84. Kh7 Qg2 85. e6 Qah1# 0-1


[Site "https://www.chess.com"]

[Event "Titled Tuesday Blitz September 20 Late 2022"]
[White "Bok, Benjamin"]
[Black "Rychagov, Andrey"]
[WhiteFideId "1017063"]
[BlackFideId "4119932"]
[WhiteElo "2658"]
[BlackElo "2431"]
[Result "1/2-1/2"]
[Round "05"]
[TimeControl "180+1"]
[Date "2022.09.20"]
[WhiteClock "0:00:02"]
[BlackClock "0:00:03"]

1. d4 d5 2. c4 e6 3. Nc3 Be7 4. Nf3 Nf6 5. Bf4 O-O 6. e3 Nbd7 7. c5 c6 8. h3 b6 9. b4 a5 10. a3 Bb7 11. Bd3 Qc8 12. O-O Ba6 13. Qc2 Bxd3 14. Qxd3 Qb7 15. Rfc1 axb4 16. axb4 Rxa1 17. Rxa1 Ra8 18. Qb1 Bd8 19. Ra2 h6 20. Qa1 Rxa2 21. Qxa2 Ne8 22. Qa4 bxc5 23. bxc5 Bc7 24. Bxc7 Nxc7 25. Nd2 Qa6 26. Nb3 Qxa4 27. Nxa4 Kf8 28. Na5 Nb8 29. g4 f6 30. Kg2 e5 31. dxe5 fxe5 32. f4 exf4 33. exf4 Ke7 34. Kf3 Nb5 35. f5 Kf6 36. Kf4 Nd4 37. Nb2 Ne2+ 38. Ke3 Nc3 39. Nd3 Ne4 40. Kf4 Nd7 41. Nb3 g5+ 42. fxg6 Kxg6 43. Ne5+ Nxe5 44. Kxe5 Kg5 45. Kd4 Kh4 46. Na5 Kxh3 47. Nxc6 Kxg4 48. Ne5+ Kf5 49. c6 Nd6 50. Kxd5 Nc8 51. c7 h5 52. Nc4 Kf6 53. Kc6 h4 54. Nd6 Ne7+ 55. Kd7 h3 56. Ne4+ Kf7 57. Ng5+ Kf6 58. Ne4+ Kf7 59. Ng5+ Kf6 60. Nxh3 Nd5 61. c8=Q Nb6+ 62. Kc7 Nxc8 1/2-1/2


[Site "https://www.chess.com"]

[Event "Titled Tuesday Blitz September 20 Late 2022"]
[White "Bortnyk, Mykola"]
[Black "Nasuta, Grzegorz"]
[WhiteFideId "14120836"]
[BlackFideId "1141686"]
[WhiteElo "2582"]
[BlackElo "2354"]
[Result "1-0"]
[Round "05"]
[TimeControl "180+1"]
[Date "2022.09.20"]
[WhiteClock "0:01:06"]
[BlackClock "0:00:19"]

1. e4 e5 2. Bc4 Nf6 3. d3 Nc6 4. a3 d5 5. exd5 Nxd5 6. Nc3 Nxc3 7. bxc3 Bd6 8. Ne2 O-O 9. O-O Qf6 10. Ng3 Be6 11. Ne4 Qe7 12. Bxe6 Qxe6 13. Rb1 b6 14. f4 exf4 15. Bxf4 Bxf4 16. Rxf4 f5 17. Ng3 Rae8 18. Qf3 g6 19. d4 Na5 20. Nf1 Nc4 21. d5 Ne5 22. dxe6 Nxf3+ 23. Rxf3 Rxe6 24. Rd1 Rf7 25. Re3 Rc6 26. Kf2 Kg7 27. Rd4 a5 28. Nd2 f4 29. Red3 Rf5 30. Kf3 g5 31. Ne4 h5 32. h3 Re5 33. Rd5 Rxd5 34. Rxd5 Rc4 35. Rxg5+ Kf7 36. Rf5+ Ke6 37. Rxf4 Ke5 38. g4 hxg4+ 39. hxg4 Ra4 40. g5 Rxa3 41. g6 Ra1 42. g7 Rf1+ 43. Nf2 1-0


[Site "https://www.chess.com"]

[Event "Titled Tuesday Blitz September 20 Late 2022"]
[White "Caruana, Fabiano"]
[Black "Paravyan, David"]
[WhiteFideId "2020009"]
[BlackFideId "4194985"]
[WhiteElo "2847"]
[BlackElo "2555"]
[Result "1-0"]
[Round "05"]
[TimeControl "180+1"]
[Date "2022.09.20"]
[WhiteClock "0:00:30"]
[BlackClock "0:00:04"]

1. Nf3 Nf6 2. b3 g6 3. Bb2 Bg7 4. g3 O-O 5. Bg2 d5 6. O-O c6 7. c4 Re8 8. d3 Nbd7 9. Nbd2 e5 10. Qc2 d4 11. b4 a5 12. a3 c5 13. Ng5 Qe7 14. Nge4 Nxe4 15. Nxe4 Ra6 16. bxc5 Nxc5 17. Nxc5 Qxc5 18. a4 Qc7 19. Ba3 Bf8 20. Bxf8 Rxf8 21. Rab1 h5 22. Rb5 h4 23. Rfb1 h3 24. Bd5 Rf6 25. f3 b6 26. Qb2 Qe7 27. Rxb6 Rxb6 28. Qxb6 Qg5 29. Kf1 Bf5 30. Qxa5 Qe3 31. Qe1 Rd8 32. a5 Qg5 33. a6 Qe7 34. Qa5 Kg7 35. a7 Qg5 36. a8=Q Rxa8 37. Bxa8 Bxd3 38. exd3 Qd2 39. Qxd2 1-0


[Site "https://www.chess.com"]

[Event "Titled Tuesday Blitz September 20 Late 2022"]
[White "Ceres, Dragos"]
[Black "Shandrygin, Nikita"]
[WhiteFideId "13905864"]
[BlackFideId "24198668"]
[WhiteElo "2150"]
[BlackElo "2323"]
[Result "1-0"]
[Round "05"]
[TimeControl "180+1"]
[Date "2022.09.20"]
[WhiteClock "0:00:13"]
[BlackClock "0:00:02"]

1. e4 c5 2. Nf3 e6 3. d4 cxd4 4. Nxd4 Nf6 5. Nc3 Nc6 6. Nxc6 bxc6 7. e5 Nd5 8. Ne4 Qc7 9. f4 Qb6 10. c4 Bb4+ 11. Ke2 f5 12. Nf2 Ba6 13. Kf3 Ne7 14. Be3 Bc5 15. Bxc5 Qxc5 16. Qd6 Qa5 17. b4 Qa3+ 18. Bd3 Bxc4 19. Rhc1 Bd5+ 20. Ke2 Bxg2 21. Kd2 Nd5 22. Rab1 Qxa2+ 23. Ke1 Nxf4 24. Bc4 Qa3 25. Qd2 g5 26. Rb3 Qa4 27. Nd1 Bd5 28. Nc3 Bxc4 29. Nxa4 Bxb3 30. Nc5 Bd5 31. Ra1 O-O 32. Nxd7 Rfd8 33. Nf6+ Kh8 34. Qc3 Bg2 35. Qg3 Nd3+ 36. Kd2 Nf4+ 37. Kc2 h6 38. h4 Rd3 39. Qf2 Rad8 40. Rxa7 Rd2+ 41. Qxd2 Rxd2+ 42. Kxd2 Ng6 43. Rh7# 1-0


[Site "https://www.chess.com"]

[Event "Titled Tuesday Blitz September 20 Late 2022"]
[White "Danielyan, Vahe"]
[Black "Girel, Joseph"]
[WhiteFideId "13304828"]
[BlackFideId "36033561"]
[WhiteElo "2421"]
[BlackElo "2104"]
[Result "1-0"]
[Round "05"]
[TimeControl "180+1"]
[Date "2022.09.20"]
[WhiteClock "0:00:56"]
[BlackClock "0:00:03"]

1. e4 c5 2. g3 d5 3. exd5 Qxd5 4. Nf3 Bg4 5. Bg2 Nc6 6. O-O Qd7 7. Nc3 Nf6 8. d3 e6 9. h3 Bh5 10. Be3 Be7 11. Ne4 Nd4 12. g4 Bg6 13. Ne5 Qc7 14. Bf4 Bxe4 15. Ng6 Qc6 16. Nxe7 Bxg2 17. Nxc6 Bxc6 18. f3 Nd5 19. Bd2 e5 20. c3 Ne6 21. Qe2 O-O-O 22. Qxe5 Rhe8 23. Rae1 Nef4 24. Bxf4 Rxe5 25. Bxe5 f6 26. Bg3 Nb6 27. Re3 Na4 28. Rf2 b5 29. Re7 Rd7 30. Rxd7 Kxd7 31. Re2 Bd5 32. c4 Bxf3 33. Rf2 Bc6 34. b3 Nc3 35. Rc2 b4 36. Be1 Nd1 37. Bd2 Bf3 38. Kh2 Kc6 39. Kg3 Be2 40. Bxb4 Bxd3 41. Rd2 cxb4 42. Rxd3 Nc3 43. a3 Ne2+ 44. Kf3 Nc1 45. Rd1 Nxb3 46. axb4 a5 47. b5+ Kc5 48. Rd7 Kxc4 49. b6 Nc5 50. Rc7 Kb5 51. Rxc5+ Kxc5 52. b7 1-0


[Site "https://www.chess.com"]

[Event "Titled Tuesday Blitz September 20 Late 2022"]
[White "Ilkhomi, Jaloliddin"]
[Black "Jaracz, Pawel"]
[WhiteFideId "14700948"]
[BlackFideId "1102222"]
[WhiteElo "1440"]
[BlackElo "2459"]
[Result "0-1"]
[Round "05"]
[TimeControl "180+1"]
[Date "2022.09.20"]
[WhiteClock "0:01:57"]
[BlackClock "0:02:32"]

1. d4 Nf6 2. Nf3 d5 3. Bf4 c5 4. e3 Nc6 5. c3 e6 6. Nbd2 Be7 7. Bd3 Nh5 8. Be5 O-O 9. h3 Nxe5 10. Nxe5 g6 11. O-O f6 12. Nef3 Bd7 13. Qe2 Bc6 14. dxc5 Bxc5 15. e4 Nf4 16. Qd1 Nxd3 17. exd5 Qxd5 18. c4 Qf5 19. Nb3 Rad8 20. Qe2 Nf4 21. Qe1 Nxh3+ 22. gxh3 Qxf3 23. Qxe6+ Kg7 24. Qxc6 Qxc6 0-1


[Site "https://www.chess.com"]

[Event "Titled Tuesday Blitz September 20 Late 2022"]
[White "Jeet, Jain"]
[Black "Christiansen, Johan-Sebastian"]
[WhiteFideId "5073022"]
[BlackFideId "1512668"]
[WhiteElo "2055"]
[BlackElo "2513"]
[Result "0-1"]
[Round "05"]
[TimeControl "180+1"]
[Date "2022.09.20"]
[WhiteClock "0:00:13"]
[BlackClock "0:00:13"]

1. Nf3 c5 2. b3 d6 3. e3 e5 4. Bb2 f5 5. c4 Nf6 6. d4 cxd4 7. exd4 e4 8. Nfd2 Nc6 9. Be2 Be7 10. O-O O-O 11. Re1 d5 12. Nf1 Be6 13. c5 f4 14. f3 Qd7 15. a3 g5 16. h3 h5 17. Nh2 e3 18. b4 a6 19. Nc3 Rae8 20. Na4 Nd8 21. Nb6 Qc7 22. Qd3 Bf7 23. a4 Ne6 24. b5 axb5 25. axb5 Kg7 26. Ra7 Bg6 27. Qb3 Rd8 28. Rea1 Kh6 29. c6 Qxb6 30. Rxb7 Nxd4 31. Rxb6 Nxb3 32. c7 Nxa1 33. Bxa1 Ra8 34. Bd4 Ne8 35. Rc6 Nxc7 36. Rxc7 Ra4 37. Rxe7 Rxd4 38. b6 Rb4 39. b7 d4 40. Rd7 d3 41. Bxd3 Bxd3 42. Rxd3 Rb1+ 43. Nf1 e2 44. Rd6+ Kg7 45. Rd7+ Kf6 46. Rd6+ Ke7 0-1


[Site "https://www.chess.com"]